 Dungeon Crawl Stone Soup version 0.26.0-18-gc5c842f807 (webtiles) character file.

Game seed: 17558507726427191767

88 Majorwet the Gusty (level 4, -11/35 HPs)
             Began as a Draconian Air Elementalist on Jan 22, 2021.
             Killed by nerve-wracking pain
             ... invoked by Grinder
              (12 damage)
             ... on level 3 of the Dungeon on Jan 23, 2021.
             The game lasted 00:15:26 (2867 turns).

Majorwet the Gusty (Draconian Air Elementalist)     Turns: 2867, Time: 00:15:26

Health: -11/35     AC:  5    Str: 10    XL:     4   Next: 30%
Magic:  2/8        EV: 12    Int: 17    God:
Gold:   148        SH:  0    Dex: 11    Spells: 7/8 levels left

rFire    . . .     SeeInvis .   a - +0 hand axe
rCold    . . .     Faith    .   (no shield)
rNeg     . . .     Spirit   .   (armour unavailable)
rPois    .         Reflect  .   (helmet restricted)
rElec    .         Harm     .   (no cloak)
rCorr    .         Rampage  .   (no gloves)
Will     .....                  (no boots)
Stlth    ++........             (no amulet)
HPRegen  0.11/turn              (no ring)
MPRegen  0.11/turn              (no ring)

@: no status effects
A: unfitting armour, cold-blooded, AC +5
a: no special abilities


You were on level 3 of the Dungeon.
You visited 1 branch of the dungeon, and saw 4 of its levels.

You collected 148 gold pieces.

Inventory:

Hand Weapons
 a - a +0 hand axe (weapon)
Missiles
 l - 14 poisoned darts
Wands
 i - a wand of random effects (21)
 k - a wand of paralysis (13)
Scrolls
 d - 3 scrolls of teleportation {unknown}
 e - a scroll of noise {unknown}
 f - 3 scrolls of identify {unknown}
 h - a scroll of remove curse {unknown}
Potions
 b - a potion of invisibility {unknown}
 c - a potion of flight {unknown}
 g - 4 potions of curing {unknown}
 j - a potion of heal wounds {unknown}


   Skills:
 * Level 1.5 Fighting
 + Level 0.6 Axes
 + Level 2.1 Dodging
 + Level 2.0 Stealth
 + Level 2.8 Spellcasting
 + Level 1.6 Conjurations
 + Level 3.5 Air Magic


You had 7 spell levels left.
You knew the following spells:

 Your Spells              Type           Power        Failure   Level
a - Shock                 Conj/Air       44%          6%          1

Your spell library contained the following spells:

 Spells                   Type           Power        Failure   Level
 Swiftness                Air            14%          6%          2
 Static Discharge         Conj/Air       11%          19%         3
 Airstrike                Air            7%           38%         4
 Lightning Bolt           Conj/Air       5%           86%         5


Dungeon Overview and Level Annotations

Branches:
Dungeon (4/15)
 Temple: D:4-7

Altars:
Nemelex Xobeh
The Shining One

Annotations:
D:3 Grinder


Innate Abilities, Weirdness & Mutations

Your plain brown scales are hard. (AC +5)
You cannot fit into any form of body armour.
You are cold-blooded and may be slowed by cold attacks.


Message History

Grinder hits you.
You writhe in agony.
Aiming: Shock (safe; 6% risk of failure)
Press: ? - help, Q - select action, (/) - cycle Shift-Dir - straight line, f/p - Grinder
Aim: Grinder (severely wounded, 36% to evade)
Okay, then.
You hit Grinder.
Grinder is severely wounded.
Grinder hits you.
You hit Grinder but do no damage.
Grinder is severely wounded.
Grinder barely misses you.
You hit Grinder but do no damage.
Grinder is severely wounded.
Grinder hits you.
* * * LOW HITPOINT WARNING * * *
You writhe in agony.
* * * LOW HITPOINT WARNING * * *
Grinder gestures at you. Pain shoots through your body!
You die...

?###############
..........#.....
#...........##########
#...>!.@5# #........
#..!.....# #........
#.#....).####..).....
#.####...##........ #
# ###.##........ ..
#..#.........
#.(##.#.........
###.##.<........
#........#......


You could see Grinder.

Vanquished Creatures
  2 adders (D:2)
  2 oozes (D:3)
  2 worms (D:2)
  3 leopard geckos
  An orc (D:3)
  3 giant cockroaches
  8 goblins
  2 hobgoblins
  10 jackals (D:2)
  2 ball pythons (D:1)
  5 bats (D:1)
  A frilled lizard (D:1)
  6 kobolds
  5 rats
52 creatures vanquished.

Notes
Turn   | Place    | Note
-------+----------+-------------------------------------------
     0 | D:1      | Majorwet the Draconian Air Elementalist began the quest for
                  | the Orb.
     0 | D:1      | Reached XP level 1. HP: 14/14 MP: 3/3
     1 | D:1      | Noticed an electric eel
   166 | D:1      | Reached XP level 2. HP: 20/20 MP: 1/5
  1023 | D:1      | Found a glowing golden altar of the Shining One.
  1144 | D:2      | Found a sparkling altar of Nemelex Xobeh.
  1200 | D:2      | You fall into a shaft and drop 2 floors!
  1201 | D:4      | Noticed a scorpion
  1215 | D:3      | Reached skill level 1 in Fighting
  1215 | D:3      | Reached XP level 3. HP: 28/28 MP: 0/6
  2025 | D:2      | Reached XP level 4. HP: 15/35 MP: 0/8
  2535 | D:3      | Noticed Grinder
  2542 | D:3      | Paralysed by Grinder for 6 turns
  2867 | D:3      | HP: 1/35 [Grinder (5)]
  2867 | D:3      | Killed from afar by Grinder

Illustrated notes

Levels and vault maps discovered:
D:1:      arrival_aquarium_a, layout_loops_ring, chequers_jeans,
          hangedman_decor_points, tso_altar
D:2:      layout_rooms, hangedman_decor_peaks_small,
          nemelex_diamond_rough_becter
D:3:      layout_rooms, chequers_ecumenical_altar_simple,
          gup_sewer_entry_spiral, uniq_grinder
D:4:      layout_cave_pools, minivault_1, minmay_goblin_kobold_house

Skill      XL: |  1  2  3 |
---------------+----------+-----
Fighting       | 1 |  1.5
Dodging        | 2 |  2.1
Stealth        | 2 |  2.0
Axes           | |  0.6
Spellcasting   | |  2.8
Conjurations   | |  1.6
Air Magic      | |  3.5

Action                   |  1- 3 |  4- 6 || total
-------------------------+-------+-------++-------
Melee: Hand axe          |    75 |     6 ||    81
       Tailslap          |     6 |     1 ||     7
 Cast: Shock             |    71 |    25 ||    96
Armor: Skin              |    25 |     1 ||    26
Dodge: Dodged            |    76 |     2 ||    78
